 Dungeon Crawl Stone Soup version 0.21.1-1-g345015f (webtiles) character file.

118 lysyklops the Chiller (level 4, -5/33 HPs)
             Began as a Demigod Ice Elementalist on July 5, 2018.
             Slain by olivier's ghost (6 damage)
             ... on level 3 of the Dungeon.
             The game lasted 00:14:51 (3238 turns).

lysyklops the Chiller (Demigod Ice Elementalist)    Turns: 3238, Time: 00:14:53

Health: -5/33      AC:  2    Str: 11    XL:     4   Next: 45%
Magic:  1/10       EV: 12    Int: 21    God:
Gold:   96         SH:  0    Dex: 16    Spells: 2/8 levels left

rFire    . . .     SeeInvis .   (no weapon)
rCold    . . .     Gourm    .   (no shield)
rNeg     . . .     Faith    .   a - +0 robe
rPois    .         Spirit   .   (no helmet)
rElec    .         Reflect  .   (no cloak)
rCorr    .         Harm     .   (no gloves)
MR       .....                  (no boots)
Stlth    ++........             (no amulet)
HPRegen  0.11/turn              (no ring)
MPRegen  0.12/turn              (no ring)

@: no status effects
A: high mp 1
a: no special abilities


You were on level 3 of the Dungeon.
You were hungry.

You visited 1 branch of the dungeon, and saw 3 of its levels.

You collected 96 gold pieces.

Inventory:

Hand Weapons
 e - a +1 dagger of speed
 n - a cursed -3 dagger
Missiles
 p - 20 poisoned needles
Armour
 a - a +0 robe (worn)
 f - a +0 pair of gloves
Jewellery
 g - an uncursed ring of magical power {unknown}
 r - an uncursed amulet of magic regeneration {unknown}
 t - an uncursed amulet of regeneration {unknown}
 v - an uncursed ring of protection from cold {unknown}
Wands
 y - a wand of iceblast (12)
Scrolls
 d - 2 scrolls of amnesia {unknown}
 i - 2 scrolls of remove curse {unknown}
 j - 3 scrolls of identify {unknown}
 l - a scroll of teleportation {unknown}
 m - a scroll of magic mapping {unknown}
 x - 2 scrolls of random uselessness {unknown}
Potions
 h - 2 potions of mutation {unknown}
 k - 3 potions of heal wounds {unknown}
 o - a potion of haste {unknown}
 q - a potion of ambrosia {unknown}
 s - a potion of curing
 u - 2 potions of agility {unknown}
 w - a potion of berserk rage {unknown}
 z - a potion of flight {unknown}
Books
 b - a book of Frost

   Spells                             Type                      Level
   a - Freeze                         Ice                          1
   b - Throw Frost                    Conjuration/Ice              2
   c - Ozocubu's Armour               Charms/Ice                   3
   d - Throw Icicle                   Conjuration/Ice              4
   e - Summon Ice Beast               Ice/Summoning                4
 A - a book of Misfortune

   Spells                             Type                      Level
   a - Confusing Touch                Hexes                        1
   b - Confuse                        Hexes                        3
   c - Gell's Gravitas                Translocation                3
   d - Petrify                        Transmutation/Earth          4
   e - Metabolic Englaciation         Hexes/Ice                    5
   f - Yara's Violent Unravelling     Hexes/Transmutation          5
Comestibles
 c - 2 rations


   Skills:
 + Level 1.9 Dodging
 - Level 1.8 Stealth
 + Level 2.6 Spellcasting
 + Level 1.6 Conjurations
 + Level 4.1 Ice Magic


You had 2 spell levels left.
You knew the following spells:

 Your Spells              Type           Power        Failure   Level  Hunger
a - Freeze                Ice            ###.         2%          1    None
b - Throw Frost           Conj/Ice       ##....       6%          2    ##.....
c - Ozocubu's Armour      Chrm/Ice       ##......     19%         3    ###....


Dungeon Overview and Level Annotations

Branches:
Dungeon (3/15)

Annotations:
D:3 olivier's ghost, amateur DrEE


Innate Abilities, Weirdness & Mutations

You have an increased reservoir of magic. (+10% MP)


Message History

Confirm with . or Enter, or press ? or * to list all spells.
You don't have enough magic to cast that spell.
Unknown command.
Really attack barehanded? [Y]es or [N]o only, please.
Really attack barehanded? [Y]es or [N]o only, please.
Really attack barehanded? [Y]es or [N]o only, please.
Really attack barehanded?
You completely miss olivier's ghost.
Olivier's ghost is lightly damaged.
Olivier's ghost gestures at you while chanting.
The blast of sand hits you!
* * * LOW HITPOINT WARNING * * *
Unknown command.
You miss olivier's ghost.
Olivier's ghost is lightly damaged.
Olivier's ghost hits you.
You die...

##### #............#
##...###............#####
#...................#...#
#....>..............+...+
#.....##............#....
#......'................#
#####..#.................
#.....##########.....
####...@.##########.....
#....##W..≈≈8≈≈.....####
#..........≈≈≈......#
#..............#....####
#..............'........
#......###....##.......#
#####.........##........
#.##......##........
#####.........##........


You could see olivier's ghost.

Vanquished Creatures
  Ijyb (D:3)
  A gnoll (D:1)
  2 adders (D:2)
  2 oozes (D:2)
  2 worms
  A dart slug (D:1)
  3 leopard geckos (D:3)
  5 goblins
  3 hobgoblins (D:1)
  7 jackals
  3 kobolds (D:1)
  A quokka (D:3)
  A ball python (D:1)
  5 bats
  3 frilled lizards
  8 rats
48 creatures vanquished.

Notes
Turn   | Place    | Note
-------+----------+-------------------------------------------
     0 | D:1      | lysyklops the Demigod Ice Elementalist began the quest for the Orb.
     0 | D:1      | Reached XP level 1. HP: 14/14 MP: 5/5
   367 | D:1      | Reached skill level 3 in Ice Magic
   513 | D:1      | Reached XP level 2. HP: 20/20 MP: 4/7
   521 | D:1      | Learned a level 2 spell: Throw Frost
   970 | D:1      | Reached skill level 1 in Conjurations
   970 | D:1      | Reached XP level 3. HP: 26/26 MP: 1/9
  1183 | D:2      | Learned a level 3 spell: Ozocubu's Armour
  2149 | D:2      | Found a burning altar of Makhleb.
  2807 | D:3      | Reached XP level 4. HP: 33/33 MP: 3/10
  2877 | D:3      | Found a glowing golden altar of the Shining One.
  2975 | D:3      | Reached skill level 4 in Ice Magic
  3013 | D:3      | Noticed Ijyb
  3046 | D:3      | Killed Ijyb
  3212 | D:3      | Noticed olivier's ghost (amateur DrEE)
  3237 | D:3      | HP: 1/33 [olivier's ghost/blast of sand (9)]
  3238 | D:3      | Slain by olivier's ghost

Skill      XL: |  1  2  3  4 |
---------------+-------------+-----
Spellcasting   | 2 |  2.6
Ice Magic      | 3 4 |  4.1
Conjurations   | 1 |  1.6
Dodging        | |  1.9
Stealth        | |  1.8

Action                   |  1- 3 |  4- 6 || total
-------------------------+-------+-------++-------
Melee: Unarmed           |       |     2 ||     2
 Cast: Freeze            |    38 |     8 ||    46
       Throw Frost       |    42 |    19 ||    61
  Eat: Chunk             |     3 |       ||     3
       Ration            |     2 |       ||     2
Armor: Robe              |    11 |     1 ||    12
Dodge: Dodged            |    20 |     4 ||    24
